 Dungeon Crawl Stone Soup version 0.31-a0-931-g7b59d4eb97 (webtiles) character file.

Game seed: 3859647714606758573

28 IdlyInterested the Sneak (level 3, 0/27 HPs)
             Began as a Demonspawn Brigand on Oct 19, 2023.
             Slain by Terence
             ... wielding a +0 flail
              (2 damage)
             ... on level 2 of the Dungeon.
             The game lasted 00:01:47 (93 turns).

IdlyInterested the Sneak (Demonspawn Brigand)         Turns: 93, Time: 00:01:48

Health: 0/27       AC:  6    Str: 11    XL:     3   Next: 0%
Magic:  3/3        EV: 10    Int: 12    God:
Gold:   0          SH:  0    Dex: 16    Spells: 2/2 levels left

rFire   . . .        a - +2 dagger
rCold   . . .        (no shield)
rNeg    . . .        f - +0 ring mail
rPois   .            (no helmet)
rElec   .            c - +0 cloak
rCorr   .            (no gloves)
SInv    .            (no boots)
Will    .....        (no amulet)
Stlth   ++           (no ring)
HPRegen 0.24/turn    (no ring)
MPRegen 0.08/turn

%: no passive effects
@: no status effects
A: foul stench 1
a: no special abilities


You were on level 2 of the Dungeon.
You visited 1 branch of the dungeon, and saw 2 of its levels.

Inventory:

Hand Weapons
 a - a +2 dagger (weapon)
Missiles
 d - 6 poisoned darts (quivered)
 e - 3 curare-tipped darts
Armour
 b - a +0 robe
 c - a +0 cloak (worn)
 f - a +0 ring mail (worn)


   Skills:
 - Level 2.0 Fighting
 - Level 2.0 Short Blades
 - Level 2.0 Throwing
 - Level 1.0 Dodging
 + Level 4.4 Stealth
 * Level 0.0 Evocations


You had 2 spell levels left.
You didn't know any spells.
Your spell library was empty.

Dungeon Overview and Level Annotations

Branches:
Dungeon (1/15)

Altars:

Annotations:
D:2 Terence


Innate Abilities, Weirdness & Mutations

You may rarely emit foul miasma when damaged in melee.


Message History

You barely miss Terence.
Terence is heavily wounded.
The bat barely misses you. Terence hits you with a +0 flail!
You hit Terence but do no damage.
Terence is severely wounded.
The bat hits you but does no damage. Terence closely misses you.
You closely miss Terence.
Terence is severely wounded.
The bat closely misses you. Terence closely misses you.
You hit Terence but do no damage.
Terence is severely wounded.
The bat hits you. Terence hits you with a +0 flail.
* * * LOW HITPOINT WARNING * * *
You hit Terence but do no damage.
Terence is almost dead.
The bat misses you. Terence barely misses you.
You hit Terence but do no damage.
Terence is almost dead.
Terence looks more healthy.
The bat hits you but does no damage.
You hit Terence.
Terence is almost dead.
The bat hits you but does no damage. Terence hits you but does no damage.
You hit Terence but do no damage.
Terence is almost dead.
The bat barely misses you. Terence hits you with a +0 flail!
* * * LOW HITPOINT WARNING * * *
You barely miss Terence.
Terence is almost dead.
Terence closely misses you.
You barely miss Terence.
Terence is almost dead.
The bat hits you.
* * * LOW HITPOINT WARNING * * *
Terence hits you but does no damage.
You hit Terence but do no damage.
Terence is almost dead.
The bat barely misses you. Terence says, "Did you write a will?
You should..."
Terence hits you with a +0 flail.
You die...

.. ## .... ..#
...... #.#
...#..##.#
#..#...#.# ..
#........#####...
##..#.#...........
.................
#.#....b@@..((...
#.#.###.######(..
#.....†.# .
###.##### #.# #.#
#.####.# #......#
########


You could see Terence and a bat.

Vanquished Creatures
  3 adders (D:2)
  A bat (D:2)
4 creatures vanquished.

Notes
Turn   | Place    | Note
-------+----------+-------------------------------------------
     0 | D:1      | IdlyInterested the Demonspawn Brigand began the quest for
                  | the Orb.
     0 | D:1      | Reached XP level 1. HP: 16/16 MP: 1/1
    11 | D:1      | You fall into a shaft and drop 1 floor!
    41 | D:2      | Reached skill level 1 in Dodging
    41 | D:2      | Reached skill level 4 in Stealth
    41 | D:2      | Gained mutation: You may rarely emit foul miasma when
                  | damaged in melee. [demonic ancestry]
    41 | D:2      | Reached XP level 2. HP: 17/22 MP: 2/2
    64 | D:2      | Reached XP level 3. HP: 27/27 MP: 3/3
    67 | D:2      | Noticed Terence
    93 | D:2      | Slain by Terence

Illustrated notes

Levels and vault maps discovered:
D:1:      minmay_arrival_widening_spiral_narrow, layout_rooms,
          serial_co_window_serial, co_window_paths_b, co_window_paths_a,
          co_window_paths_a, co_window_corner_a, co_window_of_opportunity_a,
          co_window_unsneaky_path_c, co_window_broadway_b, co_window_corner_cb,
          co_window_broadway_c, st_stairs_2, chequers_garden
D:2:      layout_loops_cross, dreamdust_ecumenical_altar_hidden_monk_grotto,
          serial_shops, shop, uniq_terence

Skill      XL: |  1  2 |
---------------+-------+-----
Dodging        | 1 |  1.0
Stealth        | 4 |  4.4
Short Blades   | 2 |  2.0
Throwing       | 2 |  2.0
Fighting       | |  2.0

Action                     || total
---------------------------++-------
  Melee: Dagger            ||    45
  Throw: Dart              ||     4
 Armour: Ring mail         ||    31
  Dodge: Dodged            ||    30

Table legend: (Time is in decaauts)
 A = Elapsed time spent in this place.
 B = Non-inter-level travel time spent in this place.
 C = Inter-level travel time spent in this place.
 D = Time resting spent in this place.
 E = Time spent auto-exploring this place.
 F = Levels seen in this place.
 G = Mean time per level.
                   A        B        C        D        E       F      G
               +--------+--------+--------+--------+--------+-----+--------+
         Total |     88 |     88 |      0 |      2 |     16 |   2 |   44.0 |
       Dungeon |     88 |     88 |      0 |      2 |     16 |   2 |   44.0 |
               +--------+--------+--------+--------+--------+-----+--------+

Top non-repeatable levels by time:
     D:2: 77 daAuts
     D:1: 11 daAuts
